 Dungeon Crawl Stone Soup version 0.30-a0-748-ge6a52f7cba (webtiles) character file.

Game seed: 16429241775601823403

259 sircluck the Skirmisher (level 6, -3/37 HPs)
             Began as a Kobold Hunter on Feb 8, 2023.
             Succumbed to an orc priest's poison
             ... on level 3 of the Dungeon.
             The game lasted 00:06:19 (2920 turns).

sircluck the Skirmisher (Kobold Hunter)             Turns: 2920, Time: 00:06:20

Health: -3/37      AC:  3    Str:  8    XL:     6   Next: 40%
Magic:  6/6        EV: 17    Int: 11    God:
Gold:   238        SH:  0    Dex: 26    Spells: 5/5 levels left

rFire   . . .      SeeInvis .    a - +0 shortbow
rCold   . . .      Faith    .    (shield currently unavailable)
rNeg    . . .      Spirit   .    q - +0 robe
rPois   .          Reflect  .    (no helmet)
rElec   .          Harm     .    (no cloak)
rCorr   .          Rampage  .    h - +0 pair of gloves
Will    .....                    (no boots)
Stlth   ++++                     (no amulet)
HPRegen 0.26/turn                e - +6 ring of dexterity
MPRegen 0.10/turn                (no ring)

@: lethally poisoned (-3 -> -24)
A: small, no large weapons, nightstalker 3
a: no special abilities


You were on level 3 of the Dungeon.
You visited 1 branch of the dungeon, and saw 4 of its levels.
You also visited: Sewer.

You collected 238 gold pieces.

Inventory:

Hand Weapons
 a - a +0 shortbow (weapon)
Missiles
 g - 6 boomerangs
Armour
 c - a +0 leather armour
 d - a +0 kite shield
 h - a +0 pair of gloves (worn)
 q - a +0 robe (worn)
Jewellery
 e - a +6 ring of dexterity (left hand)
 n - a ring of fire
 p - a ring of flight
Scrolls
 b - a scroll of immolation
 j - a scroll of noise {unknown}
 k - a scroll of amnesia {unknown}
 m - 2 scrolls of enchant weapon {unknown}
 o - 6 scrolls of identify {unknown}
 s - a scroll of acquirement {unknown}
 w - 3 scrolls of brand weapon {unknown}
 y - a scroll of teleportation {unknown}
Potions
 f - a potion of heal wounds {unknown}
 i - 3 potions of curing {unknown}
 l - a potion of resistance {unknown}
 r - a potion of brilliance {unknown}
 t - a potion of invisibility {unknown}
 u - 3 potions of might {unknown}
 v - a potion of mutation {unknown}
 x - a potion of haste {unknown}


   Skills:
 + Level 3.5 Fighting
 + Level 8.5 Ranged Weapons
 + Level 0.1 Armour
 + Level 3.1 Dodging
 + Level 1.6 Stealth


You had 5 spell levels left.
You didn't know any spells.
Your spell library contained the following spells:

 Spells                   Type           Power      Damage    Failure   Level
 Static Discharge         Conj/Air       0%         2-2/arc   47%         2
 Summon Guardian Golem    Hex/Summ       0%         N/A       71%         3
 Vhi's Electric Charge    Tloc/Air       0%         N/A       71%         3
 Arcjolt                  Conj/Air       0%         1d10      100%        5
 Lightning Bolt           Conj/Air       0%         1d11      100%        5
 Orb of Destruction       Conj           0%         9d5       100%        7
 Spellforged Servitor     Conj/Summ      0%         N/A       100%        7


Dungeon Overview and Level Annotations

Branches:
Dungeon (4/15)              Sewer (visited)
 Temple: D:4-7

Altars:
Yredelemnul

Shops:
D:3 :


Innate Abilities, Weirdness & Mutations

You are small and have problems with some larger weapons.
You are completely attuned to the shadows.


Message History

There is a stone staircase leading down here.
You shoot an arrow. The arrow hits the orc!
You kill the orc!
You climb downwards.
There is a stone staircase leading up here.
You climb upwards.
There is a stone staircase leading down here.
You climb downwards.
The orc shouts!
You hear a shout!
There is a stone staircase leading up here.
You shoot an arrow. The orc shouts!
The orc priest shouts!
The arrow hits the orc!
You kill the orc!
The orc priest calls down the wrath of Beogh upon you.
You barely resist. You shoot an arrow.
The arrow completely misses the orc priest.
You shoot an arrow. The arrow barely misses the orc priest.
The orc priest hits you from afar with a +1 trident of venom.
You are poisoned.
You shoot an arrow. The arrow closely misses the orc.
You feel very sick.
The orc priest hits you from afar with a +1 trident of venom.
You are more poisoned.
The orc hits you with a +0 hand axe.
You shoot an arrow. The arrow hits the orc.
The orc is almost dead.
You feel very sick.
The orc priest hits you from afar with a +1 trident of venom!
* * * LOW HITPOINT WARNING * * *
You are more poisoned.
The orc misses you.
You are too injured to fight recklessly!
You are too injured to fight recklessly!
* * * LOW HITPOINT WARNING * * *
You feel extremely sick. The orc priest completely misses you.
The orc misses you.
You climb upwards.
You die...

#################........#
.........................#
#################...<..).#
........[...# #........#
####...####.# #........#
###..###.#########.#### #
##..........####..###### #
#######..#.##.........# ##
##.#@[#.........# .#
#.o#...........# .####
##.###.........# ....##
#..##.........# ###..##
##.##.........# ##..#
#<##.........# #####.#
#.##.........# ..###.#
#............# #..##.#####
##............#


You could see an orc.

Vanquished Creatures
  2 jellies (Sewer)
  An iguana (D:3)
  4 adders
  A river rat (D:3)
  2 worms
  6 dart slugs
  3 orcs
  7 ball pythons
  13 endoplasms
  6 giant cockroaches
  9 goblins
  6 hobgoblins
  9 jackals
  5 quokkas
  7 bats
  5 frilled lizards
  7 kobolds
  5 rats
98 creatures vanquished.

Notes
Turn   | Place    | Note
-------+----------+-------------------------------------------
     0 | D:1      | sircluck the Kobold Hunter began the quest for the Orb.
     0 | D:1      | Reached XP level 1. HP: 12/12 MP: 1/1
   204 | D:1      | Reached XP level 2. HP: 18/18 MP: 2/2
   555 | D:1      | Reached skill level 6 in Ranged Weapons
   595 | D:1      | Reached XP level 3. HP: 22/22 MP: 3/3
  1091 | D:2      | Found a basalt altar of Yredelemnul.
  1111 | D:2      | Reached XP level 4. HP: 25/27 MP: 4/4
  1450 | D:2      | Reached skill level 7 in Ranged Weapons
  1843 | D:3      | Reached XP level 5. HP: 32/32 MP: 5/5
  2075 | D:3      | Found Abonales's Book Emporium.
  2124 | D:3      | Found a glowing drain.
  2128 | Sewer    | Entered a sewer
  2270 | Sewer    | Reached skill level 8 in Ranged Weapons
  2371 | Sewer    | Reached XP level 6. HP: 37/37 MP: 6/6
  2395 | Sewer    | Found a viscous altar of Jiyva.
  2920 | D:3      | Succumbed to an orc priest's poison

Illustrated notes

Levels and vault maps discovered:
D:1:      dpeg_arrival_houses_and_road, layout_basic
D:2:      layout_rooms, basic_altar, minmay_tromino_i4
D:3:      layout_rooms, serial_shops, shop_coins, gup_sewer_entry_bowl
D:4:      layout_rooms, grunt_gozag_breadcrumbs, amcnicky_altar_gilded,
          temple_pool_b, guppyfry_early_lair_pool

Skill      XL: |  1  2  3  4  5  6 |
---------------+-------------------+-----
Ranged Weapons | 6 7 8 |  8.5
Fighting       | 3 |  3.5
Dodging        | 3 |  3.1
Armour         | |  0.1
Stealth        | |  1.6

Action                     |  1- 3 |  4- 6 || total
---------------------------+-------+-------++-------
   Fire: Shortbow          |    73 |   157 ||   230
 Armour: Leather armour    |     3 |       ||     3
         Robe              |       |     7 ||     7
  Dodge: Dodged            |    27 |    59 ||    86

Table legend: (Time is in decaauts)
 A = Elapsed time spent in this place.
 B = Non-inter-level travel time spent in this place.
 C = Inter-level travel time spent in this place.
 D = Time resting spent in this place.
 E = Time spent auto-exploring this place.
 F = Levels seen in this place.
 G = Mean time per level.
                   A        B        C        D        E       F      G
               +--------+--------+--------+--------+--------+-----+--------+
         Total |   3000 |   2574 |    426 |     82 |   1859 |   5 |  600.0 |
       Dungeon |   2601 |   2175 |    426 |      0 |   1698 |   4 |  650.2 |
         Sewer |    399 |    399 |      0 |     82 |    160 |   1 |  399.0 |
               +--------+--------+--------+--------+--------+-----+--------+

Top non-repeatable levels by time:
     D:1: 1131 daAuts
     D:2: 741 daAuts
     D:3: 713 daAuts
   Sewer: 399 daAuts
     D:4: 14 daAuts
